 Dungeon Crawl Stone Soup version 0.29.1-2-gbd0b4ee654 (webtiles) character file.

Game seed: 9681194608919603728

3959 zermelo the Severer (level 10, 0/78 HPs)
             Began as a Minotaur Berserker on Nov 14, 2022.
             Was an Elder of Trog.
             Slain by Grum
             ... wielding a -2 spear of venom
              (12 damage)
             ... in a bailey.
             The game lasted 01:30:23 (9315 turns).

zermelo the Severer (Minotaur Berserker)            Turns: 9315, Time: 01:30:23

Health: 0/78       AC: 15    Str: 25    XL:     10   Next: 2%
Magic:  9/9        EV:  7    Int:  4    God:    Trog [****..]
Gold:   389        SH:  5    Dex: 11    Spells: 9/9 levels left

rFire   + . .      SeeInvis +   D - +1 hand axe "Widowermaker" {vorpal, *Rage rF+ SInv Stlth+}
rCold   . . .      Faith    .   S - orb {light}
rNeg    + . .      Spirit   .   B - +0 plate armour
rPois   .          Reflect  +   (helmet restricted)
rElec   .          Harm     .   y - +1 cloak {rCorr}
rCorr   +          Rampage  .   h - +0 pair of gloves
Will    .....      Rage     20% M - +0 pair of boots
Stlth   ..........              z - amulet of reflection
HPRegen 0.23/turn               l - ring of positive energy
MPRegen 0.11/turn               V - +4 ring of slaying

@: weakened, on berserk cooldown, slowed, glowing, very slow
A: horns 2, retaliatory headbutt
a: Renounce Religion, Berserk, Trog's Hand, Brothers in Arms


You were in a bailey.
You worshipped Trog.
Trog was greatly pleased with you.
You visited 1 branch of the dungeon, and saw 7 of its levels.
You also visited: Bailey.

You collected 389 gold pieces.

Inventory:

Hand Weapons
 a - a +0 hand axe
 D - the +1 hand axe "Widowermaker" (weapon) {vorpal, *Rage rF+ SInv Stlth+}
   (You took it off a kobold on level 4 of the Dungeon)

   It inflicts extra damage upon your enemies.
   rF:        It protects you from fire.
   SInv:      It lets you see invisible.
   *Rage:     It berserks you when you make melee attacks (+20% chance).
   Stlth:     It makes you more stealthy.
 F - a +2 sling of freezing
 L - a +1 antimagic hand axe
Missiles
 b - a boomerang
 j - 47 stones
 s - 4 poisoned darts
 t - 6 datura-tipped darts (quivered)
 U - 2 throwing nets
Armour
 e - a +0 tower shield
 h - a +0 pair of gloves (worn)
 y - a +1 cloak of preservation (worn)
 B - a +0 plate armour (worn)
 M - a +0 pair of boots (worn)
 S - an orb of light (worn)
Jewellery
 d - a ring of protection from cold
 l - a ring of positive energy (left hand)
 u - an amulet of regeneration
 w - a ring of see invisible
 z - an amulet of reflection (around neck)
 P - a ring of protection from cold
 V - a +4 ring of slaying (right hand)
Wands
 n - a wand of polymorph (11)
 I - a wand of mindburst (6)
 Q - a wand of iceblast (8)
Scrolls
 g - 2 scrolls of identify
 m - 3 scrolls of immolation
 o - 2 scrolls of enchant armour
 p - 2 scrolls of enchant weapon {unknown}
 q - a scroll of brand weapon {unknown}
 r - a scroll of amnesia {unknown}
 A - a scroll of acquirement {unknown}
 G - a scroll of magic mapping {unknown}
 H - 2 scrolls of silence
 K - 2 scrolls of noise {unknown}
 O - a scroll of vulnerability {unknown}
 T - a scroll of teleportation {unknown}
Potions
 c - 3 potions of heal wounds
 f - 5 potions of attraction
 i - 4 potions of curing
 k - a potion of haste {unknown}
 v - 2 potions of resistance
 x - a potion of cancellation {unknown}
 C - 3 potions of might
 E - a potion of lignification {unknown}
 J - a potion of flight {unknown}
 N - a potion of mutation {unknown}
 R - a potion of berserk rage {unknown}


   Skills:
 + Level 3.8 Fighting
 - Level 17.0 Axes
 + Level 2.6 Armour
 - Level 2.1 Dodging


You had 9 spell levels left.
You didn't know any spells.
Your spell library was empty.

Dungeon Overview and Level Annotations

Branches:
Dungeon (7/15)             Temple (0/1) D:7          Bailey (1/1)

Altars:
Cheibriados
Fedhas
Trog

Annotations:
Bailey Grum


Innate Abilities, Weirdness & Mutations

You have a pair of horns on your head.
You reflexively headbutt those who attack you in melee.


Message History

The wolf is almost dead.
You hit the wolf. The wolf bites you. x3
You hit the wolf but do no damage. Your headbutt misses the wolf.
The wolf is almost dead.
You hit the wolf but do no damage.
The gnoll sergeant is no longer moving quickly.
The wolf bites you.
The wolf bites you but does no damage. x2
You block the gnoll sergeant's attack.
You hit the wolf.
The wolf is almost dead.
You hit the wolf. The wolf bites you but does no damage.
The wolf completely misses you. The wolf bites you but does no damage.
The gnoll bouda barks out a call to the hunt!
The gnolls pick up the pace!
The gnoll sergeant hits you but does no damage.
You slash the wolf!
You kill the wolf!
Trog accepts your kill.
You hit the wolf. The wolf bites you but does no damage.
The gnoll bouda gazes fiercely through you!
You feel as though you will be weak longer.
The gnoll sergeant barely misses you. The wolf bites you but does no damage.
You completely miss the wolf. You headbutt the wolf.
The wolf is severely wounded.
You block the wolf's attack.
The gnoll bouda hits you from afar with a +0 trident!
* * * LOW HITPOINT WARNING * * *
The wolf bites you but does no damage.
The gnoll bouda barks out a call to the hunt!
You block the gnoll sergeant's attack. You block the wolf's attack.
You hit the wolf.
You kill the wolf!
Trog accepts your kill. The gnoll sergeant barely misses you.
The gnoll bouda gazes fiercely through you!
You feel as though you will be weak longer.
The gnoll bouda hits you from afar with a +0 trident!
* * * LOW HITPOINT WARNING * * *
Grum hits you from afar with a -2 spear of venom!
You die...

♣≈..#ggg†##...## #..≈..♣
♣≈..##g###.....######..≈...
♣≈......#.....).#...'......
♣≈......'...8)))'...)..)†..
♣≈.....)#.....).#...'..)†..
♣≈..##g###...).######..≈...
♣≈..#.††g##...##..'.#..≈...
♣≈..#...g)#####...#|#..≈...
♣≈..#..)g†@)'.....#.#..≈..♣
♣≈..##......#.....#}#..≈.♣♣
♣≈...##.8...#...8.###..≈.♣
♣≈≈.. ############# ..≈≈♣♣
♣♣≈≈≈


You could see Grum (swift), a gnoll sergeant (swift), a gnoll bouda (swift) and
a gnoll (swift).

Vanquished Creatures
  Grinder (D:3)
  6 yaks (D:7)
  A steam dragon (D:7)
  A water moccasin (D:6)
  3 ice beasts
  An orc warrior (D:6)
  A black bear (D:7)
  6 wolves (Bailey)
  2 phantoms (D:5)
  A centaur (D:7)
  A bullfrog (D:7)
  5 gnoll sergeants
  3 scorpions
  2 howler monkeys (D:7)
  5 hounds
  Crazy Yiuf (D:5)
  A jelly (D:7)
  An orc priest (D:6)
  5 gnoll boudas
  4 iguanas
  2 orc wizards
  6 adders
  20 gnolls
  A shadow imp (D:6)
  4 white imps
  2 worms (D:4)
  3 dart slugs
  15 orcs
  4 ball pythons
  2 bats
  9 endoplasms
  5 giant cockroaches
  4 goblins
  10 hobgoblins
  4 quokkas
  2 frilled lizards
  11 kobolds
  5 rats
160 creatures vanquished.

Vanquished Creatures (others)
  3 fungi (D:5)
3 creatures vanquished.

Grand Total: 163 creatures vanquished

Notes
Turn   | Place    | Note
-------+----------+-------------------------------------------
     0 | D:1      | zermelo the Minotaur Berserker began the quest for the Orb.
     0 | D:1      | Reached XP level 1. HP: 19/19 MP: 0/0
    84 | D:1      | Reached skill level 4 in Axes
   245 | D:1      | Reached XP level 2. HP: 21/26 MP: 1/1
  1101 | D:1      | Found a faded altar of an unknown god.
  1392 | D:2      | Reached skill level 5 in Axes
  1600 | D:2      | Reached XP level 3. HP: 29/31 MP: 2/2
  1667 | D:2      | Reached ** piety under Trog
  2542 | D:3      | Reached skill level 6 in Axes
  2542 | D:3      | Reached XP level 4. HP: 30/39 MP: 3/3
  3147 | D:3      | Noticed an ice beast
  3156 | D:3      | Killed an ice beast
  3157 | D:3      | Reached skill level 7 in Axes
  3157 | D:3      | Reached XP level 5. HP: 33/45 MP: 4/4
  3290 | D:3      | Noticed Grinder
  3306 | D:3      | Killed Grinder
  3307 | D:3      | Reached skill level 8 in Axes
  3307 | D:3      | Reached XP level 6. HP: 51/51 MP: 5/5
  3825 | D:3      | Reached skill level 9 in Axes
  4320 | D:4      | Identified the +1 hand axe "Widowermaker" {vorpal, *Rage
                  | rF+ SInv Stlth+}
  4596 | D:4      | Noticed an ice beast
  4603 | D:4      | Killed an ice beast
  4604 | D:4      | Reached XP level 7. HP: 52/57 MP: 6/6
  5408 | D:5      | Entered Level 5 of the Dungeon
  5432 | D:5      | Reached skill level 10 in Axes
  6137 | D:5      | Found a bloodstained altar of Trog.
  6203 | D:5      | Reached skill level 11 in Axes
  6599 | D:5      | Found a runed translucent door.
  6600 | D:5      | Noticed Crazy Yiuf
  6640 | D:5      | Killed Crazy Yiuf
  7076 | D:6      | Reached XP level 8. HP: 64/64 MP: 7/7
  7112 | D:6      | Found a snail-covered altar of Cheibriados.
  7129 | D:6      | Reached skill level 12 in Axes
  7212 | D:6      | Reached *** piety under Trog
  7651 | D:6      | Reached skill level 13 in Axes
  7963 | D:6      | Found a blossoming altar of Fedhas.
  8116 | D:7      | Reached skill level 14 in Axes
  8119 | D:7      | Reached XP level 9. HP: 70/70 MP: 8/8
  8128 | D:7      | Reached skill level 15 in Axes
  8427 | D:7      | Found a staircase to the Ecumenical Temple.
  8667 | D:7      | Reached **** piety under Trog
  8668 | D:7      | Reached skill level 16 in Axes
  8669 | D:7      | Found a flagged portal.
  8678 | Bailey   | Entered a bailey
  9287 | Bailey   | Noticed Grum
  9298 | Bailey   | Reached skill level 17 in Axes
  9298 | Bailey   | Reached XP level 10. HP: 76/77 MP: 9/9
  9315 | Bailey   | Slain by Grum

Illustrated notes

Levels and vault maps discovered:
D:1:      giann_forest_graveyard, layout_basic,
          chequers_ecumenical_altar_simple_redux, item_on_display_a
D:2:      layout_basic
D:3:      layout_basic, uniq_grinder
D:4:      layout_basic, serial_glass, glass_columns_c, glass_columns_c,
          skrybe_limestone_x, st_stairs_8, minmay_fractal_squares_5
D:5:      layout_gridville, trog_antimagical, uniq_crazy_yiuf_cottage
D:6:      layout_cave_pools, mainiacjoe_overflow_alcove_2,
          mainiacjoe_overflow_six_doors_small, patterned_corridor
D:7:      layout_loops_ring, temple_pool_b, enter_bailey_2, grunt_potential
Bailey:   bailey_polearm_gnolls_kennysheep, bailey

Skill      XL: |  1  2  3  4  5  6  7  8  9 |
---------------+----------------------------+-----
Axes           | 4 5 6 7 8 9 11 14 17 | 17.0
Fighting       | |  3.8
Armour         | |  2.6
Dodging        | |  2.1

Action                   |  1- 3 |  4- 6 |  7- 9 | 10-12 || total
-------------------------+-------+-------+-------+-------++-------
Melee: Hand axe          |    93 |    88 |   251 |     9 ||   441
       Punch             |     1 |       |       |       ||     1
       Headbutt          |     8 |    15 |    52 |     3 ||    78
 Fire: Sling             |       |       |     1 |       ||     1
Throw: Stone             |    23 |       |       |       ||    23
       Boomerang         |       |       |     8 |       ||     8
Invok: Berserk           |       |     1 |     2 |       ||     3
  Use: Scroll            |     1 |       |     7 |       ||     8
       Potion            |       |       |     1 |       ||     1
Armor: Animal skin       |    21 |     7 |       |       ||    28
       Plate armour      |       |     5 |   130 |    16 ||   151
       Leather armour    |       |     3 |       |       ||     3
Dodge: Dodged            |    42 |    16 |    39 |    12 ||   109
Block: Tower shield      |    33 |    39 |   161 |       ||   233
       Reflection        |       |       |     2 |       ||     2
       Orb               |       |       |    14 |     7 ||    21
